 Dungeon Crawl Stone Soup version 0.27.0-1-g7a089689b8 (webtiles) character file.

Game seed: 17269204321422904548

4 Chaositek the Grave Robber (level 1, -3/10 HPs)
             Began as a Vampire Necromancer on Aug 13, 2021.
             Slain by a gnoll (6 damage)
             ... on level 1 of the Dungeon.
             The game lasted 00:01:17 (176 turns).

Chaositek the Grave Robber (Vampire Necromancer)     Turns: 176, Time: 00:01:17

Health: -3/10      AC:  2    Str:  7    XL:     1   Next: 50%
Magic:  1/3        EV: 12    Int: 17    God:
Gold:   28         SH:  0    Dex: 14    Spells: 3/4 levels left

rFire    . . .     SeeInvis +   (no weapon)
rCold    + + .     Faith    .   (no shield)
rNeg     + + +     Spirit   .   a - +0 robe
rPois    ∞         Reflect  .   (no helmet)
rElec    .         Harm     .   (no cloak)
rCorr    .         Rampage  .   (no gloves)
Will     .....                  (no boots)
Stlth    ++++......             (no amulet)
HPRegen  0.00/turn              (no ring)
MPRegen  0.08/turn              (no ring)

@: bloodless, inhibited regen
A: bloodless, fangs 3, see invisible, vampiric 1
a: Revivify


You were on level 1 of the Dungeon.
You visited 1 branch of the dungeon, and saw 1 of its levels.

You collected 28 gold pieces.

Inventory:

Armour
 a - a +0 robe (worn)
Scrolls
 c - a scroll of teleportation {unknown}
 d - a scroll of identify {unknown}
 e - a scroll of silence {unknown}
Potions
 b - a potion of brilliance {unknown}


   Skills:
 + Level 2.2 Dodging
 + Level 3.1 Stealth
 + Level 2.0 Spellcasting
 + Level 4.5 Necromancy


You had 3 spell levels left.
You knew the following spells:

 Your Spells              Type           Power      Damage    Failure   Level
a - Pain                  Necr           68%        1d7       3%          1

Your spell library contained the following spells:

 Spells                   Type           Power      Damage    Failure   Level
 Animate Skeleton         Necr           34%        N/A       3%          1
 Vampiric Draining        Necr           8%         2d7       9%          3
 Animate Dead             Necr           8%         N/A       30%         4
 Agony                    Necr           17%        N/A       63%         5


Dungeon Overview and Level Annotations

Branches:
Dungeon (1/15)

Altars:


Innate Abilities, Weirdness & Mutations

You do not regenerate when monsters are visible.
You are frail without blood (-20% HP).
You can heal yourself when you bite living creatures.
You are immune to poison.
You have razor-sharp teeth.
You have supernaturally acute eyesight. (SInv)
You are afflicted with vampirism.


Message History

You now have 20 gold pieces (gained 7).
d - a scroll labelled GASUNU LUSMAOMIE A ball python comes into view.
Found a scroll labelled OFACEBL AFECA.
The ball python hisses angrily.
A ball python is nearby!
The ball python bites you but does no damage.
The ball python closely misses you.
Casting: Pain (safe; 3% risk of failure)
Confirm with . or Enter, or press ? or * to list all spells.
Aiming: Pain (safe; 3% risk of failure)
Press: ? - help, Shift-Dir - straight line, f - ball python
Aim: a ball python (chance to affect: 87%)
The ball python writhes in agony.
You kill the ball python!
e - a scroll labelled OFACEBL AFECA You now have 28 gold pieces (gained 8).
You open the door.
There is an open door here.
You open the door.
Found a stone staircase leading down.
There is an open door here.
A gnoll comes into view. It is wielding a +0 flail.
You see here 3 gold pieces.
Casting: Pain (safe; 3% risk of failure)
Confirm with . or Enter, or press ? or * to list all spells.
Aiming: Pain (safe; 3% risk of failure)
Press: ? - help, Shift-Dir - straight line, f - gnoll
Aim: a gnoll, wielding a +0 flail (chance to affect: 82%)
The gnoll writhes in agony.
The gnoll hits you with a +0 flail!
Ouch! That really hurt!
* * * LOW HITPOINT WARNING * * *
Casting: Pain (safe; 3% risk of failure)
Confirm with . or Enter, or press ? or * to list all spells.
Aiming: Pain (safe; 3% risk of failure)
Press: ? - help, Shift-Dir - straight line, f/p - gnoll
Aim: a gnoll, wielding a +0 flail (moderately wounded, chance to affect: 82%)
The gnoll writhes in agony!
The gnoll hits you with a +0 flail.
Ouch! That really hurt!
You die...

### #.####.#
#.@g...#
#.####.# #.#
#.# #.#
#.####.###
#>........
###'####.##.
#.....#


You could see a gnoll.

Vanquished Creatures
  A ball python (D:1)
  A hobgoblin (D:1)
  A frilled lizard (D:1)
  A rat (D:1)
4 creatures vanquished.

Notes
Turn   | Place    | Note
-------+----------+-------------------------------------------
     0 | D:1      | Chaositek the Vampire Necromancer began the quest for the
                  | Orb.
     0 | D:1      | Reached XP level 1. HP: 13/13 MP: 3/3
   176 | D:1      | Slain by a gnoll

Illustrated notes

Levels and vault maps discovered:
D:1:      nzn_arrival_settlement, layout_basic, minmay_misc_feat_columns

Action                   || total
-------------------------++-------
 Cast: Pain              ||     7
 Abil: Exsanguinate      ||     1
Armor: Robe              ||     1
Dodge: Dodged            ||     1
